 Dungeon Crawl Stone Soup version 0.32-a0-791-gfc315c9ecd (webtiles) character file.

Game seed: 11282358221966232028

293 jasper the Chopper (level 6, -1/51 HPs)
             Began as a Mountain Dwarf Fighter on Mar 20, 2024.
             Slain by an endoplasm (3 damage)
             ... on level 4 of the Dungeon.
             The game lasted 00:04:48 (2690 turns).

jasper the Chopper (Mountain Dwarf Fighter)         Turns: 2690, Time: 00:04:48

Health: -1/51      AC:  9    Str: 20    XL:     6   Next: 11%
Magic:  6/6        EV:  8    Int:  9    God:
Gold:   67         SH:  4    Dex:  9    Spells: 5/5 levels left

rFire   . . .        a - +1 war axe
rCold   . . .        c - +0 buckler
rNeg    . . .        b - +0 scale mail
rPois   .            (no helmet)
rElec   .            (no cloak)
rCorr   .            i - +1 pair of gloves
SInv    .            (no boots)
Will    .....        (no amulet) Stlth
                     (no ring)
HPRegen 0.28/turn    (no ring)
MPRegen 0.10/turn

%: no passive effects
@: about to teleport, hasted, very quick
A: runic magic, artefact enchanting
a: Convert to Beogh


You were on level 4 of the Dungeon.
You visited 1 branch of the dungeon, and saw 4 of its levels.

You collected 115 gold pieces.
You spent 48 gold pieces at shops.

Inventory:

Hand Weapons
 a - a +1 war axe (weapon)
 k - a +2 whip of holy wrath
Missiles
 f - 16 stones (quivered)
 q - 6 poisoned darts
Armour
 b - a +0 scale mail (worn)
 c - a +0 buckler (worn)
 i - a +1 pair of gloves (worn)
Scrolls
 j - a scroll of noise
 r - a scroll of torment {unknown}
Potions
 g - 3 potions of degeneration


   Skills:
 - Level 3.2 Fighting
 + Level 7.8 Axes
 - Level 3.2 Armour
 - Level 3.2 Shields


You had 5 spell levels left.
You didn't know any spells.
Your spell library contained the following spells:

 Spells                   Type           Power      Damage    Failure   Level
 Cigotuvi's Dreadful Rot  Necr/Alch/Air  0%         N/A       69%         2
 Ensorcelled Hibernation  Hex/Ice        0%         N/A       69%         2
 Fugue of the Fallen      Necr           0%         N/A       89%         3
 Passwall                 Erth           0%         N/A       89%         3
 Swiftness                Air            0%         N/A       89%         3
 Anguish                  Hex/Necr       0%         N/A       100%        4
 Ignite Poison            Fire/Alch      0%         N/A       100%        4
 Freezing Cloud           Conj/Ice/Air   0%         6-21      100%        5


Dungeon Overview and Level Annotations

Branches:
Dungeon (4/15)
 Temple: D:4-7

Altars:
Elyvilon

Shops:
D:2 =:(!


Innate Abilities, Weirdness & Mutations

Your spellcasting is much less encumbered by armour.
You can use scrolls of enchantment on lesser artefacts.


Message History

As you read the scroll labelled QELANW ICKATU, it crumbles to dust.
It is a scroll of enchant armour.
Your +0 pair of gloves glows green for a moment.
The gnoll bouda barks out a call to the hunt!
The gnoll picks up the pace!
As you read the scroll labelled YSKACH WUFE, it crumbles to dust.
It is a scroll of enchant weapon.
Your +0 war axe glows red for a moment.
The gnoll is no longer moving quickly.
The orc barely misses you.
The air fills with toxic fumes!
As you read the scroll labelled EGRYIF ETTONN, it crumbles to dust.
It was a scroll of poison.
You block the gnoll's attack.
You hit the gnoll.
The gnoll is moderately wounded.
You slash the orc!
You kill the orc!
The gnoll misses you.
You barely miss the gnoll.
The gnoll is moderately wounded.
You closely miss the gnoll bouda.
The gnoll bouda barks out a call to the hunt!
The gnoll picks up the pace!
You closely miss the gnoll.
The gnoll is moderately wounded.
You barely miss the endoplasm.
You hit the gnoll bouda but do no damage.
The gnoll hits you with a +0 flail.
* * * LOW HITPOINT WARNING * * *
The gnoll bouda barely misses you. The endoplasm freezes you.
You are frozen.
* * * LOW HITPOINT WARNING * * *
You take 9 damage, and have 2/51 hp.
Okay, then.
As you read the scroll labelled UMEWKU FOSASOHI, it crumbles to dust.
You feel strangely unstable.
It was a scroll of teleportation.
The gnoll closely misses you.
The gnoll bouda hits you but does no damage.
The endoplasm hits you.
You die...

###...)#.#.....
#§§§..††).......
##§§.##.g.......
####§§§.####....#..
#..w§§#§§..o..#...
#g...g#§##...####..
###.###o§.# ... $
#.?.##Jg#.# ##
#...#§g@##..
#§§§g§§§# .#.
#§§§§§### # .
##§§§§.# ###§.##
##.# ### ..... ...


You could see a gnoll bouda, an orc priest, 3 gnolls and an endoplasm.

Vanquished Creatures
  Sigmund (D:3)
  A gnoll (D:3)
  5 adders
  3 ribbon worms
  A dart slug (D:3)
  2 orcs (D:4)
  7 bats
  5 endoplasms
  4 giant cockroaches
  8 goblins
  7 hobgoblins
  7 jackals
  3 quokkas
  4 ball pythons
  4 frilled lizards
  4 kobolds
  7 rats
73 creatures vanquished.

Notes
Turn   | Place    | Note
-------+----------+-------------------------------------------
     0 | D:1      | jasper the Mountain Dwarf Fighter began the quest for the
                  | Orb.
     0 | D:1      | Reached XP level 1. HP: 19/19 MP: 1/1
    84 | D:1      | Reached skill level 3 in Axes
    88 | D:1      | Reached XP level 2. HP: 25/26 MP: 2/2
   310 | D:1      | Reached skill level 4 in Axes
   448 | D:1      | Reached XP level 3. HP: 25/31 MP: 3/3
   830 | D:2      | Found Raedd's Distillery.
   835 | D:2      | Bought a potion of curing for 36 gold pieces
   835 | D:2      | Bought a potion of degeneration for 12 gold pieces
   894 | D:2      | You fall into a shaft and drop 1 floor!
   896 | D:3      | Found a white marble altar of Elyvilon.
   992 | D:2      | Found Tidod's Book Emporium.
  1007 | D:2      | Reached skill level 5 in Axes
  1040 | D:2      | Found Asore's Weapon Emporium.
  1055 | D:2      | Reached XP level 4. HP: 38/38 MP: 4/4
  1187 | D:2      | Found a faded altar of an unknown god.
  1220 | D:2      | Found Sufilagg's Jewellery Boutique.
  2328 | D:3      | Noticed Sigmund
  2346 | D:3      | Killed Sigmund
  2347 | D:3      | Reached skill level 7 in Axes
  2347 | D:3      | Reached XP level 5. HP: 18/45 MP: 5/5
  2595 | D:3      | Reached XP level 6. HP: 48/51 MP: 6/6
  2689 | D:4      | HP: 2/51 [frozen (5)]
  2690 | D:4      | Slain by an endoplasm

Illustrated notes

Levels and vault maps discovered:
D:1:      psy_arrival_fountain, layout_rooms
D:2:      layout_basic, serial_shops, shop, shop, nicolae_square_shop,
          nicolae_shop_trees, hellmonk_ecumenical_altar_crossroads,
          minmay_heptomino_w4
D:3:      layout_basic, elyvilon_altar_5, minmay_misc_feat_nine_boxes,
          uniq_sigmund
D:4:      layout_cave_pools, uniq_natasha, uniq_eustachio

Skill      XL: |  1  2  3  4 |
---------------+-------------+-----
Axes           | 3 4 5 7 |  7.8
Fighting       | |  3.2
Armour         | |  3.2
Shields        | |  3.2

Action                     |  1- 3 |  4- 6 || total
---------------------------+-------+-------++-------
  Melee: War axe           |   154 |    89 ||   243
  Throw: Stone             |     2 |       ||     2
    Use: Potion            |       |     5 ||     5
         Scroll            |       |     6 ||     6
 Armour: Scale mail        |   155 |   107 ||   262
  Dodge: Dodged            |    95 |    53 ||   148
  Block: Buckler           |    44 |    35 ||    79

Table legend: (Time is in decaauts)
 A = Elapsed time spent in this place.
 B = Non-inter-level travel time spent in this place.
 C = Inter-level travel time spent in this place.
 D = Time resting spent in this place.
 E = Time spent auto-exploring this place.
 F = Levels seen in this place.
 G = Mean time per level.
                   A        B        C        D        E       F      G
               +--------+--------+--------+--------+--------+-----+--------+
         Total |   2764 |   2642 |    122 |     70 |   1926 |   4 |  691.0 |
       Dungeon |   2764 |   2642 |    122 |     70 |   1926 |   4 |  691.0 |
               +--------+--------+--------+--------+--------+-----+--------+

Top non-repeatable levels by time:
     D:3: 1034 daAuts
     D:2: 929 daAuts
     D:1: 743 daAuts
     D:4: 56 daAuts
